 Dungeon Crawl Stone Soup version 0.16.0-11-gd45b091 (webtiles) character file.

81 esc the Ruffian (level 4, -1/35 HPs)
             Began as a Demonspawn Gladiator on Mar 17, 2015.
             Slain by a gnoll
             ... wielding a +0 halberd
              (7 damage)
             ... on level 2 of the Dungeon.
             The game lasted 00:02:47 (1706 turns).

esc the Ruffian (Demonspawn Gladiator)              Turns: 1706, Time: 00:02:47

Health: -1/35      AC:  4    Str: 20    XL:     4   Next: 20%
Magic:  4/4        EV: 13    Int: 10    God:
Gold:   162        SH:  0    Dex: 14    Spells: 0 memorised, 3 levels left

rFire  . . .     SeeInvis .       - Unarmed
rCold  . . .     Clarity  .     b - +0 leather armour
rNeg   . . .     SustAb   .     (no shield)
rPois  .         Gourm    .     c - +0 helmet
rElec  .         Spirit   .     (no cloak)
rCorr  .         Warding  .     (no gloves)
rMut   .         Stasis   .     (no boots)
MR     .....                    (no amulet)
Stlth  +.........               (no ring)
                                (no ring)

@: mighty, not resistant to hostile enchantments, very unstealthy
A: claws 1, spiny 1
a: no special abilities


You were on level 2 of the Dungeon.
You were not hungry.

You visited 1 branch of the dungeon, and saw 2 of its levels.

You collected 162 gold pieces.

Inventory:

Missiles
 d - 3 throwing nets (quivered)
Armour
 b - a +0 leather armour (worn)
 c - a +0 helmet (worn)
Scrolls
 h - 2 scrolls of remove curse
Potions
 i - a potion of brilliance
 k - a potion of agility {unknown}
Comestibles
 a - 2 bread rations
 m - 2 chunks of flesh


   Skills:
 + Level 3.1 Fighting
 - Level 1.7 Throwing
 + Level 1.0 Armour
 + Level 3.1 Dodging
 + Level 3.3 Unarmed Combat


You had 3 spell levels left.
You didn't know any spells.

Dungeon Overview and Level Annotations

Branches:
Dungeon (2/15)

Altars:


Innate Abilities, Weirdness & Mutations

You have sharp fingernails.
You are partially covered in sharp spines.


Message History

The gnoll is moderately wounded.
The gnoll barely misses you. The gnoll hits you with a spear!
You scratch the gnoll!
The gnoll is almost dead.
The gnoll closely misses you. The gnoll barely misses you.
You scratch the gnoll but do no damage.
The gnoll is almost dead.
The gnoll barely misses you. x2
You barely miss the gnoll.
The gnoll is almost dead.
The gnoll closely misses you.
You scratch the gnoll!
You kill the gnoll!
The gnoll hits you from afar with a halberd.
* * * LOW HITPOINT WARNING * * *
Drink which item? (? for menu, Esc to quit)
It was a potion of might.
You feel very mighty all of a sudden.
The gnoll hits you from afar with a halberd!
You die...

#.###.#.................#
.........#######.########
.........# #.# .........#
#####.# ..###'####
#.....# ..# #.# #.#####
..# #.# #.# # ..# #.#
#.#####g# ..# #.#
#.#..@).# #.# #.#
#.#.##### #.# #.# #.#.#
#.# #.# #.#.# #.# #.#
#.#.######.#
#.###.######..........#
#.##........##.########
..##........##.######
..##........##......#


You could see a gnoll.

Vanquished Creatures
  2 gnolls (D:2)
  2 adders (D:2)
  A worm (D:2)
  An ooze (D:2)
  A giant cockroach (D:1)
  3 goblins
  3 hobgoblins (D:1)
  2 jackals (D:2)
  A quokka (D:2)
  A ball python (D:2)
  9 bats
  5 giant newts
  6 kobolds
  4 rats
41 creatures vanquished.

Notes
Turn   | Place    | Note
--------------------------------------------------------------
     0 | D:1      | esc, the Demonspawn Gladiator, began the quest for the Orb.
     0 | D:1      | Reached XP level 1. HP: 16/16 MP: 1/1
     2 | D:1      | Noticed a formicid
     4 | D:1      | Noticed a dwarf
     4 | D:1      | Noticed a vampire
     6 | D:1      | Noticed an ogre
     6 | D:1      | Noticed a centaur
     8 | D:1      | Noticed a demigod
    10 | D:1      | Noticed a ghoul
    12 | D:1      | Noticed a demonspawn
    12 | D:1      | Noticed a vine stalker
    14 | D:1      | Noticed a tengu
    16 | D:1      | Noticed a merfolk
    16 | D:1      | Noticed a minotaur
    18 | D:1      | Noticed a naga
    18 | D:1      | Noticed a troll
    20 | D:1      | Noticed a felid
    20 | D:1      | Noticed an elf
    22 | D:1      | Noticed a draconian
    22 | D:1      | Noticed an octopode
    24 | D:1      | Noticed a human
    26 | D:1      | Noticed a gargoyle
    26 | D:1      | Noticed a spriggan
   418 | D:1      | Gained mutation: You are partially covered in sharp spines. [demonic ancestry]
   418 | D:1      | Reached XP level 2. HP: 23/23 MP: 2/2
   639 | D:1      | Reached skill level 3 in Unarmed Combat
  1211 | D:2      | Reached XP level 3. HP: 23/28 MP: 3/3
  1698 | D:2      | Reached skill level 1 in Armour
  1698 | D:2      | Gained mutation: You have sharp fingernails. [demonic ancestry]
  1698 | D:2      | Reached XP level 4. HP: 27/35 MP: 4/4
  1706 | D:2      | Slain by a gnoll

Action                   |  1- 3 |  4- 6 || total
-------------------------+-------+-------++-------
Melee: Unarmed           |   119 |     6 ||   125
  Use: Scroll            |     4 |       ||     4
       Potion            |     2 |     1 ||     3
 Stab: Invisible         |     3 |       ||     3
  Eat: Chunk             |     3 |       ||     3
